 Dungeon Crawl Stone Soup version 0.28-a0-1616-g050a50673c (webtiles) character file.

Game seed: 12191154490158925314

153 mcsnuffy the Conjurer (level 4, -4/36 HPs)
             Began as a Demigod Conjurer on Jan 22, 2022.
             Killed by divine providence
             ... invoked by an orc priest
              (12 damage)
             ... on level 4 of the Dungeon.
             The game lasted 00:08:45 (3935 turns).

mcsnuffy the Conjurer (Demigod Conjurer)            Turns: 3935, Time: 00:08:45

Health: -4/36      AC:  5    Str:  8    XL:     4   Next: 88%
Magic:  5/9        EV: 10    Int: 24    God:
Gold:   227        SH:  0    Dex: 12    Spells: 4/7 levels left

rFire   . . .      SeeInvis .   d - +2 dagger (elec)
rCold   . . .      Faith    .   (no shield)
rNeg    . . .      Spirit   .   m - +0 ring mail
rPois   .          Reflect  .   p - +0 hat
rElec   .          Harm     .   (no cloak)
rCorr   .          Rampage  .   (no gloves)
Will    .....                   (no boots)
Stlth   +.........              (no amulet)
HPRegen 0.12/turn               (no ring)
MPRegen 0.11/turn               (no ring)

@: no status effects
A: high mp 1, forlorn, divine attributes
a: no special abilities


You were on level 4 of the Dungeon.
You visited 1 branch of the dungeon, and saw 4 of its levels.

You collected 227 gold pieces.


Innate Abilities, Weirdness & Mutations

You have an increased reservoir of magic. (+10% MP)
You shall have no god before yourself.
Your divine heritage dramatically boosts your attributes as you level up.


   Skills:
 - Level 2.0 Fighting
 + Level 1.5 Short Blades
 - Level 1.7 Dodging
 - Level 1.7 Stealth
 - Level 2.0 Spellcasting
 - Level 5.0 Conjurations


You had 4 spell levels left.
You knew the following spells:

 Your Spells              Type           Power      Damage    Failure   Level
m - Magic Dart            Conj           100%       1d8       4%          1
s - Searing Ray           Conj           52%        2d6       7%          2

Your spell library contained the following spells:

 Spells                   Type           Power      Damage    Failure   Level
 Dazzling Flash           Conj/Hex       28%        N/A       36%         3
 Corpse Rot               Necr/Air       4%         N/A       50%         2
 Fulminant Prism          Conj/Hex       7%         3d7       78%         4
 Iskenderun's Mystic Bla  Conj/Tloc      14%        2d5       78%         4
 Dispel Undead            Necr           2%         3d7       98%         4
 Death Channel            Necr           1%         N/A       100%        6

Inventory:

Hand Weapons
 d - a +2 dagger of electrocution (weapon)
Armour
 a - a +0 robe
 m - a +0 ring mail (worn)
 p - a +0 hat (worn)
Scrolls
 b - a scroll of teleportation {unknown}
 c - 2 scrolls of identify {@r1}
 f - 2 scrolls of fear {unknown}
 g - a scroll of fog {unknown}
 j - a scroll of enchant weapon {unknown}
 k - a scroll of torment {unknown}
Potions
 e - a potion of lignification
 h - a potion of invisibility {unknown}
 i - a potion of brilliance {unknown}
 l - a potion of curing {unknown}
 n - a potion of might {unknown}
 o - a potion of resistance {unknown}
 q - a potion of degeneration {unknown}

Dungeon Overview and Level Annotations

Branches:
Dungeon (4/15)
 Temple: D:4-7

Shops:
D:1 [

Annotations:
D:3 3 runed translucent doors, issech's ghost, weakling TrFi

##.....# (# #......#
.#### #......####...##
#.####...##....#
##.####...#.o.†.#
#.........#..o†.# #
####..####...##oo### .#
#..........#.###†# ..##
#.##..####.#.#.#@###.....
#.#........#.#.#.........
......#....#.#.##.##!....
#....>...<............(..
#####........#.##.##.....
##......#....#.##.# ####
##..........##.##.#
##.............##.#
##.........######.#


You could see 2 orc priests and 2 orcs.


Message History

Casting: Magic Dart (safe; 4% risk of failure)
Confirm with . or Enter, or press ? or * to list all spells.
Aiming: Magic Dart (safe; 4% risk of failure)
Press: ? - help, Shift-Dir - straight line, f/p - orc priest
Aim: an orc priest, wielding a +0 flail and wearing a +0 ring mail (severely wounded, 100% to hit)
The magic dart hits the orc priest but does no damage.
The orc priest is severely wounded.
The orc hits you but does no damage.
The orc priest looks braver for a moment.
Casting: Magic Dart (safe; 4% risk of failure)
Confirm with . or Enter, or press ? or * to list all spells.
Aiming: Magic Dart (safe; 4% risk of failure)
Press: ? - help, Shift-Dir - straight line, f/p - orc priest
Aim: an orc priest, wielding a +0 flail and wearing a +0 ring mail (severely wounded, 100% to hit)
The magic dart hits the orc priest.
The orc priest is severely wounded.
The orc priest hits you with a +0 flail.
The orc hits you with a +0 hand axe.
* * * LOW HITPOINT WARNING * * *
The orc priest invokes the aid of Beogh against you.
Beogh smites you!
* * * LOW HITPOINT WARNING * * *
The orc throws a stone.
The stone closely misses you.
Your magical contamination has completely faded away.
The orc throws a boomerang.
The boomerang closely misses you.
The orc priest miscasts a cantrip.
Items here: ††††††††††.
The orc priest mumbles some strange prayers to Beogh against you.
Beogh smites you!
You die...

Skill      XL: |  1  2  3  4 |
---------------+-------------+-----
Conjurations   | 4 5 |  5.0
Spellcasting   | 2 |  2.0
Fighting       | 1 2 |  2.0
Short Blades   | 1 |  1.5
Dodging        | |  1.7
Stealth        | |  1.7

Action                   |  1- 3 |  4- 6 || total
-------------------------+-------+-------++-------
Melee: Dagger            |    38 |    87 ||   125
       Punch             |     1 |     2 ||     3
 Cast: Magic Dart        |    68 |    62 ||   130
  Use: Scroll            |       |     1 ||     1
 Stab: Sleeping          |     4 |     1 ||     5
Armor: Robe              |    12 |     3 ||    15
       Ring mail         |       |    28 ||    28
Dodge: Dodged            |    27 |    41 ||    68

Levels and vault maps discovered:
D:1:      lightli_arrival_boilingwater, layout_basic, serial_shops,
          nicolae_shop_trees
D:2:      layout_basic
D:3:      layout_loops_ring, ebering_ghost_gozag
D:4:      layout_basic, mainiacjoe_overflow_tiny_flanked, minmay_rat_hole

Notes
Turn   | Place    | Note
-------+----------+-------------------------------------------
     0 | D:1      | mcsnuffy the Demigod Conjurer began the quest for the Orb.
     0 | D:1      | Reached XP level 1. HP: 14/14 MP: 5/5
   128 | D:1      | Found Oseducah's Armour Boutique.
   150 | D:1      | Reached skill level 4 in Conjurations
   307 | D:1      | Reached XP level 2. HP: 20/20 MP: 7/7
   334 | D:1      | Learned a level 2 spell: Searing Ray
  1052 | D:1      | Reached XP level 3. HP: 22/26 MP: 0/8
  1605 | D:2      | Reached skill level 2 in Spellcasting
  1758 | D:2      | Reached skill level 5 in Conjurations
  1889 | D:2      | Reached skill level 1 in Fighting
  1889 | D:2      | Reached XP level 4. HP: 35/35 MP: 4/9
  2613 | D:3      | Found a runed translucent gate.
  2628 | D:3      | Found a runed translucent gate.
  2629 | D:3      | Found a runed translucent gate.
  2631 | D:3      | Noticed issech's ghost (weakling TrFi)
  2631 | D:3      | Noticed a black bear
  2912 | D:3      | Reached skill level 1 in Short Blades
  3303 | D:4      | Noticed a sky beast
  3899 | D:4      | Reached skill level 2 in Fighting
  3935 | D:4      | Killed from afar by an orc priest

Vanquished Creatures
  A hound skeleton (D:4)
  4 adders (D:2)
  2 worms (D:2)
  3 dart slugs
  3 orcs (D:3)
  8 endoplasms
  6 giant cockroaches
  5 hobgoblins
  3 jackals (D:1)
  7 kobolds
  4 quokkas
  5 ball pythons
  4 bats (D:1)
  2 frilled lizards
  11 goblins
  22 rats
90 creatures vanquished.

Table legend: (Time is in decaauts)
 A = Elapsed time spent in this place.
 B = Non-inter-level travel time spent in this place.
 C = Inter-level travel time spent in this place.
 D = Time resting spent in this place.
 E = Time spent auto-exploring this place.
 F = Levels seen in this place.
 G = Mean time per level.
                   A        B        C        D        E       F      G
               +--------+--------+--------+--------+--------+-----+--------+
         Total |   3932 |   3784 |    148 |    684 |   2488 |   4 |  983.0 |
       Dungeon |   3932 |   3784 |    148 |    684 |   2488 |   4 |  983.0 |
               +--------+--------+--------+--------+--------+-----+--------+

Top non-repeatable levels by time:
     D:1: 1488 daAuts
     D:3: 1205 daAuts
     D:2: 890 daAuts
     D:4: 348 daAuts

Table legend:
 A = Non-vault XP
 B = Vault XP
 C = Vault XP percentage of total XP
 D = Non-vault monster count
 E = Vault monster count
 F = Vault count percentage of total count
                 A         B        C        D         E       F
            +---------+---------+-------+---------+---------+-------
      Total |     199 |      20 |   9.1 |      71 |      19 |  21.1
            +---------+---------+-------+---------+---------+-------
        D:1 |      58 |       0 |   0.0 |      33 |       0 |   0.0
        D:2 |      75 |       0 |   0.0 |      14 |       0 |   0.0
        D:3 |      43 |       0 |   0.0 |      21 |       0 |   0.0
        D:4 |      23 |      20 |  46.5 |       3 |      19 |  86.4
            +---------+---------+-------+---------+---------+-------
